 Dungeon Crawl Stone Soup version 0.25.0-45-g978344163c (webtiles) character file.

Game seed: 988259338361731871

58 Curus the Poker (level 3, -6/31 HPs)
             Began as a Minotaur Fighter on July 11, 2020.
             Mangled by an ogre
             ... wielding a +0 giant club
              (26 damage)
             ... on level 2 of the Dungeon.
             The game lasted 00:06:13 (820 turns).

Curus the Poker (Minotaur Fighter)                   Turns: 820, Time: 00:06:13

Health: -6/31      AC:  9    Str: 19 (20) XL:     3   Next: 76%
Magic:  2/2        EV:  5    Int:  3 (6)  God:
Gold:   81         SH:  9    Dex:  8 (11) Spells: 2/2 levels left

rFire    . . .     SeeInvis .   a - +0 trident
rCold    + . .     Gourm    .   c - +0 kite shield
rNeg     . . .     Faith    .   e - +0 chain mail
rPois    .         Spirit   .   (helmet restricted)
rElec    .         Reflect  .   (no cloak)
rCorr    .         Harm     .   (no gloves)
MR       .....                  (no boots)
Stlth    ..........             (no amulet)
HPRegen  0.10/turn              l - ring of protection from cold
MPRegen  0.08/turn              (no ring)

@: no status effects
A: retaliatory headbutt, horns 2, agile 1
a: no special abilities


You were on level 2 of the Dungeon.
You were not hungry.

You visited 1 branch of the dungeon, and saw 2 of its levels.

You collected 81 gold pieces.

Inventory:

Hand Weapons
 a - a +0 trident (weapon)
Armour
 b - a +0 scale mail
 c - a +0 kite shield (worn)
 e - a +0 chain mail (worn)
Jewellery
 l - a ring of protection from cold (left hand)
Scrolls
 i - a scroll of remove curse
Potions
 d - a potion of might
 h - a potion of mutation
 j - a potion of heal wounds
 k - a potion of degeneration
Comestibles
 f - 7 rations
 g - 5 chunks of flesh


   Skills:
 - Level 3.6 Fighting
 + Level 5.1 Polearms
 - Level 3.6 Armour
 - Level 3.6 Shields


You had 2 spell levels left.
You didn't know any spells.
Your spell library was empty.

Dungeon Overview and Level Annotations

Branches:
Dungeon (2/15)

Altars:


Innate Abilities, Weirdness & Mutations

You reflexively headbutt those who attack you in melee.
You have a pair of horns on your head.
You are agile. (Dex +2)


Message History

You reach to attack!
You hit the ogre.
The ogre is lightly wounded.
The ogre hits you with a +0 giant club.
You closely miss the ogre.
The ogre is lightly wounded.
You block the ogre's attack.
You hit the ogre.
The ogre is moderately wounded.
You hit the ogre.
The ogre is moderately wounded.
You block the ogre's attack.
Your shield and chain mail prevent you from hitting the ogre.
The ogre is moderately wounded.
The ogre hits you with a +0 giant club!
You barely miss the ogre.
You headbutt the ogre, but do no damage.
The ogre is moderately wounded.
The ogre hits you with a +0 giant club!!
Ouch! That really hurt!
You die...

#.......#....
#.......#....
##..)..##....
##...##.....
#######+#######'##..#...
................(...#..(
....................#.(.
....................#(..
######@#######'###...##
#.O.# ##...##.....
#.....###.....##...÷
#.......#.......#<.÷.
#.......#.......#....
#...)...#.......#....
##.....###...).##....
##...## ##...###....
#######....


You could see an ogre.

Vanquished Creatures
  An adder (D:2)
  2 oozes (D:2)
  A worm (D:2)
  2 dart slugs
  A leopard gecko (D:1)
  A giant cockroach (D:2)
  2 goblins
  5 hobgoblins (D:1)
  6 bats (D:1)
  4 frilled lizards
  5 kobolds
  6 rats
36 creatures vanquished.

Notes
Turn   | Place    | Note
-------+----------+-------------------------------------------
     0 | D:1      | Curus the Minotaur Fighter began the quest for the Orb.
     0 | D:1      | Reached XP level 1. HP: 19/19 MP: 0/0
    45 | D:1      | Reached skill level 3 in Polearms
    63 | D:1      | Gained mutation: Your mind is acute. (Int +2) [potion of
                  | mutation]
    63 | D:1      | Gained mutation: Your body sometimes deteriorates upon
                  | taking damage. [potion of mutation]
    63 | D:1      | Lost mutation: Your mind is acute. (Int +2) [potion of
                  | mutation]
    63 | D:1      | Gained mutation: You are robust. (+10% HP) [potion of
                  | mutation]
    92 | D:1      | Reached XP level 2. HP: 28/28 MP: 1/1
   242 | D:1      | Reached skill level 4 in Polearms
   478 | D:1      | Lost mutation: You are robust. (+10% HP) [potion of
                  | mutation]
   478 | D:1      | Lost mutation: Your body sometimes deteriorates upon taking
                  | damage. [potion of mutation]
   478 | D:1      | Gained mutation: You are agile. (Dex +2) [potion of
                  | mutation]
   478 | D:1      | Lost mutation: You are agile. (Dex +2) [potion of mutation]
   478 | D:1      | Gained mutation: You are agile. (Dex +2) [potion of
                  | mutation]
   485 | D:2      | Reached XP level 3. HP: 31/31 MP: 2/2
   738 | D:2      | Reached skill level 5 in Polearms
   813 | D:2      | Noticed an ogre
   820 | D:2      | Mangled by an ogre

Illustrated notes

Levels and vault maps discovered:
D:1:      minmay_arrival_solitary_statue, layout_basic
D:2:      kennysheep_six_static_rooms, layout_basic,
          minmay_overflow_temple_star_hex

Skill      XL: |  1  2  3 |
---------------+----------+-----
Polearms       | 3 4 5 |  5.1
Fighting       | |  3.6
Armour         | |  3.6
Shields        | |  3.6

Action                   || total
-------------------------++-------
Melee: Trident           ||   110
       Headbutt          ||    11
  Use: Potion            ||     6
       Scroll            ||     4
Armor: Scale mail        ||    12
       Chain mail        ||    29
Dodge: Dodged            ||    18
Block: Kite shield       ||    60
